 Dungeon Crawl Stone Soup version 0.17.0-24-gcfadda4 (webtiles) character file.

14 M4edhros the Charlatan (level 2, -1/18 HPs)
             Began as an Octopode Artificer on Nov 16, 2015.
             Slain by a goblin
             ... wielding a +0 dagger
             ... led by Robin
              (2 damage)
             ... on level 2 of the Dungeon.
             The game lasted 00:00:55 (580 turns).

M4edhros the Charlatan (Octopode Artificer)          Turns: 580, Time: 00:00:55

Health: -1/18      AC:  1    Str: 10    XL:     2   Next: 41%
Magic:  4/4        EV: 12    Int: 14    God:
Gold:   32         SH:  0    Dex: 12    Spells: 0 memorised, 1 level left

rFire  . . .     SeeInvis .     a - +0 short sword
rCold  . . .     Clarity  .     (no shield)
rNeg   . . .     SustAt   .     (helmet restricted)
rPois  .         Gourm    .     (no amulet)
rElec  .         Spirit   .     (no ring)
rCorr  .         Warding  .     (no ring)
rMut   .         Stasis   .     (no ring)
MR     .....                    (no ring)
Stlth  +++.......               (no ring)
                                (no ring)
                                (no ring)
                                (no ring)

@: not resistant to hostile enchantments, fairly stealthy
A: almost no armour, amphibious, 8 rings, constrict 8, camouflage 1, gelatinous
body 1
a: no special abilities


You were on level 2 of the Dungeon.
You were not hungry.

You visited 1 branch of the dungeon, and saw 2 of its levels.

You collected 32 gold pieces.

Inventory:

Hand Weapons
 a - a +0 short sword (weapon)
 h - a +0 hunting sling
Missiles
 k - 12 sling bullets
 l - 30 stones (quivered)
Wands
 b - a wand of flame (15)
 c - a wand of enslavement (15)
 d - a wand of random effects (15)
Scrolls
 f - a scroll of identify {unknown}
 g - a scroll of teleportation {unknown}
Potions
 j - a potion of curing {unknown}
Comestibles
 e - a bread ration


   Skills:
 - Level 1.0 Fighting
 - Level 1.0 Short Blades
 - Level 2.0 Dodging
 * Level 3.0 Stealth
 + Level 3.5 Evocations


You had one spell level left.
You didn't know any spells.

Dungeon Overview and Level Annotations

Branches:
Dungeon (2/15)

Altars:
Nemelex Xobeh

Annotations:
D:2 Robin


Innate Abilities, Weirdness & Mutations

You cannot wear most types of armour.
You are amphibious.
You can wear up to eight rings at the same time.
You can use your tentacles to constrict eight enemies at once.
Your skin changes colour to match your surroundings (Stealth).
Your rubbery body absorbs attacks (AC +1).


Message History

You constrict the hobgoblin, but do no damage.
The hobgoblin hits you. The goblin hits you with a dagger.
* * * LOW HITPOINT WARNING * * *
Drink which item? (? for menu, Esc to quit)
It was a potion of heal wounds.
You feel much better.
You constrict the hobgoblin, but do no damage.
Robin roars a battlecry!
The goblins go into a battle-frenzy!
Robin hits you from afar with a spear! The hobgoblin barely misses you.
The goblin closely misses you.
You release your grip on the hobgoblin.
The hobgoblin barely misses you. The hobgoblin hits you.
Robin says, "Bow before me, strongest of all the hobgoblins!"
Robin throws the goblin at you! The goblin hits you with a club!
* * * LOW HITPOINT WARNING * * *
You barely miss the goblin. Your grab misses the goblin.
The hobgoblin hits you.
* * * LOW HITPOINT WARNING * * *
The goblin hits you with a dagger.
You die...

#.# #................#
#######.######........##.##.#.#
.......g.ggg..........##......#
#######)######g.......#####.###
#.# #........# #.# #g#
#<.......# #.#


gg. #.g......# #.# ... #.gg....[# #.# g$r. #.@......# #.# .ggg. ##g######### #.#
#.........###.# #####.........# #.###.##### #.#<#.# #.#.#.# #.#...# #.##### You
could see Robin, a hobgoblin (frenzied) and 3 goblins.

Vanquished Creatures
  A giant gecko (D:2)
  5 goblins
  A hobgoblin (D:2)
  2 giant newts
  4 rats (D:1)
13 creatures vanquished.

Notes
Turn   | Place    | Note
--------------------------------------------------------------
     0 | D:1      | M4edhros the Octopode Artificer began the quest for the Orb.
     0 | D:1      | Reached XP level 1. HP: 13/13 MP: 3/3
   185 | D:1      | Found a sparkling altar of Nemelex Xobeh.
   288 | D:1      | Reached XP level 2. HP: 18/18 MP: 4/4
   380 | D:2      | Found a faded altar to an unknown god.
   520 | D:2      | Noticed Robin
   580 | D:2      | Slain by a goblin

Action                   || total
-------------------------++-------
Melee: Short sword       ||    22
  Use: Potion            ||     1
 Stab: Sleeping          ||     4
